 Dungeon Crawl Stone Soup version 0.29.0-4-gdea44cf6ec (webtiles) character file.

Game seed: 15151358358371371376

86 qw the Chopper (level 4, 0/26 HPs)
             Began as a Tengu Warper on Aug 28, 2022.
             Slain by an orc
             ... wielding a +0 flail
              (6 damage)
             ... on level 3 of the Dungeon.
             The game lasted 00:00:16 (2808 turns).

qw the Chopper (Tengu Warper)                       Turns: 2808, Time: 00:00:17

Health: 0/26       AC:  6    Str: 13    XL:     4   Next: 49%
Magic:  8/8        EV:  9    Int: 14    God:
Gold:   129        SH:  0    Dex: 13    Spells: 7/7 levels left

rFire   . . .      SeeInvis .   h - +0 war axe
rCold   . . .      Faith    .   (no shield)
rNeg    . . .      Spirit   .   d - +0 scale mail
rPois   .          Reflect  .   (helmet restricted)
rElec   .          Harm     .   (no cloak)
rCorr   .          Rampage  .   (no gloves)
Will    .....                   (boots unavailable)
Stlth   ..........              (no amulet)
HPRegen 0.08/turn               (no ring)
MPRegen 0.11/turn               (no ring)

@: no status effects
A: beak, talons 3
a: no special abilities


You were on level 3 of the Dungeon.
You visited 1 branch of the dungeon, and saw 3 of its levels.

You collected 129 gold pieces.


Innate Abilities, Weirdness & Mutations

You have a beak for a mouth.
You have claws for feet.


   Skills:
 - Level 2.0 Fighting
 + Level 5.0 Axes
 - Level 1.0 Throwing
 - Level 1.1 Armour
 - Level 2.1 Dodging
 - Level 2.0 Spellcasting
 - Level 2.4 Translocations


You had 7 spell levels left.
You didn't know any spells.
Your spell library contained the following spells:

 Spells                   Type           Power      Damage    Failure   Level
 Blink                    Tloc           16%        N/A       54%         2
 Gell's Gravitas          Tloc           8%         N/A       78%         3
 Lesser Beckoning         Tloc           8%         N/A       78%         3
 Teleport Other           Tloc           8%         N/A       78%         3
 Manifold Assault         Tloc           8%         N/A       100%        5

Inventory:

Hand Weapons
 e - a +0 club
 h - a +0 war axe (weapon)
Armour
 d - a +0 scale mail (worn)
 l - a +0 pair of gloves
 m - a +0 chain mail of cold resistance
Jewellery
 k - a ring of flight
Scrolls
 i - a scroll of identify
Potions
 a - a potion of cancellation {unknown}
 b - 3 potions of curing {unknown}
 c - a potion of heal wounds {unknown}
 g - a potion of degeneration {unknown}
 j - a potion of might {unknown}

Dungeon Overview and Level Annotations

Branches:
Dungeon (3/15)

Altars:


Message History

The orc hits you with a +0 club.
You hit the orc. Your kick misses the orc.
The orc is heavily wounded.
The orc barely misses you.
You hit the orc. Your kick misses the orc.
The orc is heavily wounded.
The orc barely misses you.
You completely miss the orc. You claw the orc, but do no damage.
You peck the orc.
The orc is heavily wounded.
The orc hits you but does no damage.
You hit the orc.
You kill the orc!
You hit the orc.
You kill the orc!
You hit the orc. Your kick misses the orc. You peck the orc, but do no damage.
The orc is moderately wounded.
The orc barely misses you.
2804 ||| Stepping ~*~*~tactically~*~*~ (stealth).
An orc priest comes into view. It is wielding a +0 flail.
The orc shouts!
You hit the orc but do no damage. Your kick misses the orc.
The orc is moderately wounded.
The orc hits you with a +0 flail! The orc barely misses you.
You closely miss the orc. Your kick misses the orc.
You peck the orc, but do no damage.
The orc is lightly wounded.
The orc priest calls down the wrath of Beogh upon you.
Pain shoots through your body!
You slash the orc!
The orc is almost dead.
You hit the orc. The orc hits you with a +0 flail.
The orc completely misses you.
The orc priest invokes the aid of Beogh against you.
Pain shoots through your body!
You barely miss the orc. You peck the orc, but do no damage.
The orc is almost dead.
You barely miss the orc. The orc hits you with a +0 flail.
You die...

##.... . ..... # .. .(o
#..# ######.# ...
.#.###..###....#.##...
..........'.>.........
.#.##...###.\..7..8..\ #o
#o..# #........... #.
#...####..........
#.#.##@...# #_..\..7..8
#...)oo...###..........
.......)..................
..##..................7..8
#....#.....#...........
##...#.....#...........
#...#.....#.7.....\..7
#...#.....#...........
#.........+...........


You could see an orc priest and 2 orcs.

Vanquished Creatures
  2 adders (D:2)
  2 worms (D:2)
  A dart slug (D:1)
  2 orcs (D:3)
  7 endoplasms
  3 giant cockroaches
  2 hobgoblins
  3 jackals (D:3)
  A quokka (D:1)
  5 ball pythons
  8 bats
  4 frilled lizards (D:1)
  6 goblins
  3 kobolds
  6 rats
55 creatures vanquished.

Notes
Turn   | Place    | Note
-------+----------+-------------------------------------------
     0 | D:1      | qw the Tengu Warper began the quest for the Orb.
     0 | D:1      | Reached XP level 1. HP: 12/12 MP: 4/4
     0 | D:1      | 0 ||| qw: Version: 0.1-a-89-g26bdef1
     0 | D:1      | 0 ||| qw: Game counter: 2017
     0 | D:1      | 0 ||| qw: Always use a shield: true
     0 | D:1      | 0 ||| qw: God list: Okawaru
     0 | D:1      | 0 ||| qw: Allow faded altars: false
     0 | D:1      | 0 ||| qw: Do Orc after D:15 true
     0 | D:1      | 0 ||| qw: Do second Lair branch before Depths: true
     0 | D:1      | 0 ||| qw: Lair rune preference: random
     0 | D:1      | 0 ||| qw: Plans: Normal
     0 | D:1      | 0 ||| PLANNING D:1-11
   176 | D:1      | 176 ||| Stepping ~*~*~tactically~*~*~ (stealth).
   203 | D:1      | 203 ||| Stepping ~*~*~tactically~*~*~ (stealth).
   237 | D:1      | 237 ||| Stepping ~*~*~tactically~*~*~ (stealth).
   238 | D:1      | 238 ||| Stepping ~*~*~tactically~*~*~ (stealth).
   240 | D:1      | 240 ||| Stepping ~*~*~tactically~*~*~ (stealth).
   259 | D:1      | Reached skill level 3 in Axes
   259 | D:1      | Reached XP level 2. HP: 13/17 MP: 6/6
   559 | D:1      | 559 ||| Stepping ~*~*~tactically~*~*~ (stealth).
   679 | D:1      | 679 ||| Stepping ~*~*~tactically~*~*~ (hiding).
   781 | D:1      | 781 ||| Stepping ~*~*~tactically~*~*~ (hiding).
   883 | D:1      | 883 ||| Stepping ~*~*~tactically~*~*~ (hiding).
   928 | D:1      | 928 ||| Stepping ~*~*~tactically~*~*~ (hiding).
  1030 | D:1      | 1030 ||| Stepping ~*~*~tactically~*~*~ (hiding).
  1035 | D:1      | 1035 ||| Stepping ~*~*~tactically~*~*~ (hiding).
  1369 | D:1      | Reached XP level 3. HP: 18/21 MP: 7/7
  1622 | D:1      | 1622 ||| UPGRADING to +0 scale mail.
  1632 | D:1      | 1632 ||| DROPPING +0 leather armour.
  1633 | D:1      | 1633 ||| READING scroll labelled ICKAQI BOUR.
  1634 | D:1      | 1634 ||| READING scroll labelled HAEGOAV TAECIH.
  1639 | D:1      | 1639 ||| READING scroll labelled HIELIFU ETTAYRHI.
  1640 | D:1      | 1640 ||| DROPPING scroll of blinking.
  1710 | D:2      | Reached skill level 4 in Axes
  1914 | D:2      | 1914 ||| READING scroll labelled NEH FECUGILINA.
  1915 | D:2      | 1915 ||| READING scroll labelled BIBRIBIMMI.
  1916 | D:2      | 1916 ||| READING 2 scrolls of teleportation.
  2019 | D:2      | Reached XP level 4. HP: 26/26 MP: 8/8
  2179 | D:2      | 2179 ||| READING scroll of teleportation.
  2181 | D:2      | 2181 ||| FLEEEEING.
  2182 | D:2      | 2182 ||| FLEEEEING.
  2201 | D:2      | 2201 ||| Stepping ~*~*~tactically~*~*~ (stealth).
  2230 | D:2      | 2230 ||| Stepping ~*~*~tactically~*~*~ (stealth).
  2269 | D:2      | 2269 ||| FLEEEEING.
  2343 | D:2      | 2343 ||| Stepping randomly (stuck).
  2344 | D:2      | 2344 ||| Stepping randomly (stuck).
  2345 | D:2      | 2345 ||| Stepping randomly (stuck).
  2347 | D:2      | 2347 ||| Stepping randomly (stuck).
  2372 | D:2      | 2372 ||| SWAPPING to +0 war axe.
  2373 | D:2      | 2373 ||| DROPPING +0 spectral hand axe.
  2480 | D:3      | 2480 ||| Stepping ~*~*~tactically~*~*~ (stealth).
  2490 | D:3      | 2490 ||| Stepping ~*~*~tactically~*~*~ (stealth).
  2491 | D:3      | 2491 ||| Stepping ~*~*~tactically~*~*~ (stealth).
  2492 | D:3      | 2492 ||| Stepping ~*~*~tactically~*~*~ (stealth).
  2585 | D:3      | Reached skill level 5 in Axes
  2769 | D:3      | Found a faded altar of an unknown god.
  2794 | D:3      | 2794 ||| Stepping ~*~*~tactically~*~*~ (stealth).
  2797 | D:3      | 2797 ||| Stepping ~*~*~tactically~*~*~ (stealth).
  2804 | D:3      | 2804 ||| Stepping ~*~*~tactically~*~*~ (stealth).
  2807 | D:3      | HP: 6/26 [orc priest/nerve-wracking pain (6)]
  2808 | D:3      | Slain by an orc

Levels and vault maps discovered:
D:1:      lightli_arrival_isolated_outpost, layout_basic, minmay_splitting_lines
D:2:      minmay_inner_zag, layout_rooms, amcnicky_mini_corridor_feature
D:3:      layout_basic, mainiacjoe_overflow_catch_the_wave,
          hellmonk_ecumenical_altar_arch_garden

Skill      XL: |  1  2  3  4 |
---------------+-------------+-----
Axes           | 3 4 5 |  5.0
Fighting       | |  2.0
Throwing       | |  1.0
Armour         | |  1.1
Dodging        | |  2.1
Spellcasting   | |  2.0
Translocations | |  2.4

Action                   |  1- 3 |  4- 6 || total
-------------------------+-------+-------++-------
Melee: Hand axe          |    64 |    21 ||    85
       Kick              |    10 |     6 ||    16
       Peck              |    11 |    10 ||    21
       Punch             |     1 |       ||     1
       War axe           |       |    22 ||    22
Throw: Boomerang         |     7 |       ||     7
       Javelin           |       |     8 ||     8
  Use: Scroll            |     6 |     1 ||     7
Armor: Leather armour    |     4 |       ||     4
       Scale mail        |     3 |     8 ||    11
Dodge: Dodged            |    15 |    14 ||    29

Table legend:
 A = Non-vault XP
 B = Vault XP
 C = Vault XP percentage of total XP
 D = Non-vault monster count
 E = Vault monster count
 F = Vault count percentage of total count
                 A         B        C        D         E       F
            +---------+---------+-------+---------+---------+-------
      Total |     113 |      10 |   8.1 |      49 |       6 |  10.9
            +---------+---------+-------+---------+---------+-------
        D:1 |      35 |       0 |   0.0 |      22 |       0 |   0.0
        D:2 |      57 |      10 |  14.9 |      16 |       6 |  27.3
        D:3 |      21 |       0 |   0.0 |      11 |       0 |   0.0
            +---------+---------+-------+---------+---------+-------
